 Dungeon Crawl Stone Soup version 0.29.0-4-gdea44cf6ec (webtiles) character file.

Game seed: 393037017482985544

1125 qw the Cleaver (level 8, 0/62 HPs)
             Began as a Formicid Cinder Acolyte on Sept 3, 2022.
             Was a Priest of Ignis.
             Succumbed to a gnoll sergeant's poison
             ... on level 6 of the Dungeon.
             The game lasted 00:02:45 (6212 turns).

qw the Cleaver (Formicid Cinder Acolyte)            Turns: 6212, Time: 00:02:45

Health: 0/62       AC: 17    Str: 21    XL:     8   Next: 61%
Magic:  9/9        EV:  8    Int: 14    God:    Ignis [***...]
Gold:   256        SH:  0    Dex:  9    Spells: 9/9 levels left

rFire   + + .      SeeInvis +   j - +0 hand axe (flame)
rCold   + . .      Faith    .   (no shield)
rNeg    . . .      Spirit   .   c - +0 chain mail
rPois   .          Reflect  .   (helmet unavailable)
rElec   .          Harm     .   (no cloak)
rCorr   .          Rampage  .   (no gloves)
Will    +....      Clarity  +   l - +0 pair of boots
Stlth   ..........              i - amulet of the acrobat
HPRegen 0.20/turn               d - ring "Pepun" {rF+ Will+}
MPRegen 0.11/turn               a - ring of protection from cold

@: lethally poisoned (0 -> -23), fiery-armoured
A: permanent stasis, dig shafts and tunnels, antennae 3, four strong arms,
clarity
a: Dig, Shaft Self, Renounce Religion, Fiery Armour, Foxfire Swarm, Rising Flame


You were on level 6 of the Dungeon.
You worshipped Ignis.
Ignis was most pleased with you.
You visited 1 branch of the dungeon, and saw 6 of its levels.

You collected 256 gold pieces.


Innate Abilities, Weirdness & Mutations

You cannot be hasted, slowed, berserked, paralysed or teleported.
You can dig through walls and to a lower floor.
You have a pair of large antennae on your head. (SInv)
Your four strong arms can wield two-handed weapons with a shield.
You possess an exceptional clarity of mind.


   Skills:
 - Level 5.0 Fighting
 + Level 8.0 Axes
 - Level 3.0 Throwing
 - Level 3.5 Armour
 - Level 1.0 Dodging
 - Level 1.1 Spellcasting
 - Level 3.0 Fire Magic


You had 9 spell levels left.
You didn't know any spells.
Your spell library contained the following spells:

 Spells                   Type           Power      Damage    Failure   Level
 Scorch                   Fire           18%        2d5       71%         2

Inventory:

Hand Weapons
 j - a +0 hand axe of flaming (weapon)
Missiles
 b - 4 boomerangs (quivered)
Armour
 c - a +0 chain mail (worn)
 l - a +0 pair of boots (worn)
Jewellery
 a - a ring of protection from cold (right hand)
 d - the ring "Pepun" (left hand) {rF+ Will+}
   (You acquired it on level 5 of the Dungeon)

   [ring of protection from fire]

   rF:        It protects you from fire.
   Will:      It increases your willpower.
 i - an amulet of the acrobat (around neck)
 Y - a ring of positive energy
Scrolls
 g - 2 scrolls of identify
Potions
 h - a potion of cancellation
 k - 2 potions of might
 m - a potion of haste

Dungeon Overview and Level Annotations

Branches:
Dungeon (6/15)             Temple (0/1) D:4

Altars:
Ashenzari
Fedhas
Qazlal
The Shining One

Annotations:
D:3 1 runed translucent door, Crazy Yiuf
D:5 1 runed translucent door, qw's ghost, novice TeWr


Message History

The gnoll is almost dead.
You hit the gnoll sergeant but do no damage.
You feel sick. The gnoll barely misses you. x2
The gnoll sergeant hits you with a +0 spear of venom!
You are more poisoned.
6209 ||| INVOKING Fiery Armour.
A protective cloak of flame settles atop you.
You feel very sick.
The gnoll hits you but does no damage. x2
The gnoll is burned by your cloak of flames.
You kill the gnoll!
The gnoll sergeant hits you but does no damage.
You are more poisoned.
The gnoll sergeant is burned by your cloak of flames.
The gnoll sergeant is moderately wounded.
Your Fighting skill increases to level 5!
You hit the gnoll sergeant. You burn the gnoll sergeant.
The gnoll sergeant is heavily wounded.
You closely miss the gnoll.
You feel very sick. The gnoll completely misses you.
The gnoll hits you from afar with a +0 spear.
The gnoll sergeant hits you with a +0 spear of venom.
You are more poisoned.
The gnoll sergeant is burned by your cloak of flames.
The gnoll sergeant is severely wounded.
You hit the gnoll sergeant but do no damage.
The gnoll sergeant is severely wounded.
You barely miss the gnoll.
You feel very sick. The gnoll hits you with a +0 flail.
The gnoll is burned by your cloak of flames.
The gnoll is lightly wounded.
The gnoll hits you from afar with a +0 spear.
The gnoll sergeant hits you but does no damage.
You are more poisoned.
You hit the gnoll sergeant. You burn the gnoll sergeant.
The gnoll sergeant is almost dead.
You hit the gnoll. You burn the gnoll.
You die...

#.#####.####.#
##.### ###.# .#
#..... #...# ##
##..... #.###
......g #.#
##..... #>#
....... ###.#
#....g##g##.#
#.....g@###.####.#
#.....)..........#
#......####.######
#......# #.#
#.#.##.. #.# # #.
### #.# . ..# ##
###


You could see a gnoll sergeant and 2 gnolls.

Vanquished Creatures
  Sigmund (D:5)
  3 black bears
  An ogre (D:5)
  A necrophage (D:5)
  A scorpion (D:5)
  5 killer bees
  A hound (D:4)
  An iguana (D:5)
  2 orc wizards
  4 adders
  2 gnolls (D:6)
  A white imp (D:5)
  2 ufetubi
  A worm (D:2)
  A dart slug (D:1)
  7 orcs
  8 ball pythons
  An endoplasm (D:2)
  2 giant cockroaches
  10 goblins
  9 hobgoblins
  9 kobolds
  9 quokkas
  5 bats
  11 frilled lizards
  5 rats
103 creatures vanquished.

Vanquished Creatures (others)
  A fungus (D:1)
1 creature vanquished.

Grand Total: 104 creatures vanquished

Notes
Turn   | Place    | Note
-------+----------+-------------------------------------------
     0 | D:1      | qw the Formicid Cinder Acolyte began the quest for the Orb.
     0 | D:1      | Reached XP level 1. HP: 18/18 MP: 2/2
     0 | D:1      | 0 ||| qw: Version: 0.1-a-102-g441f92d
     0 | D:1      | 0 ||| qw: Game counter: 5117
     0 | D:1      | 0 ||| qw: Always use a shield: true
     0 | D:1      | 0 ||| qw: God list: Okawaru
     0 | D:1      | 0 ||| qw: Allow faded altars: false
     0 | D:1      | 0 ||| qw: Do Orc after D:15 true
     0 | D:1      | 0 ||| qw: Do second Lair branch before Depths: true
     0 | D:1      | 0 ||| qw: Lair rune preference: random
     0 | D:1      | 0 ||| qw: Plans: Normal
     0 | D:1      | 0 ||| PLANNING D:1-11
   150 | D:1      | 150 ||| Stepping ~*~*~tactically~*~*~ (hiding).
   152 | D:1      | 152 ||| Stepping ~*~*~tactically~*~*~ (hiding).
   280 | D:1      | Reached XP level 2. HP: 21/24 MP: 3/3
   320 | D:1      | Found a faded altar of an unknown god.
   569 | D:1      | 569 ||| Stepping ~*~*~tactically~*~*~ (stealth).
   575 | D:1      | 575 ||| Stepping ~*~*~tactically~*~*~ (stealth).
   662 | D:1      | Reached skill level 4 in Axes
   662 | D:1      | Reached XP level 3. HP: 29/29 MP: 4/4
   747 | D:1      | 747 ||| Stepping ~*~*~tactically~*~*~ (stealth).
   751 | D:1      | 751 ||| Stepping ~*~*~tactically~*~*~ (stealth).
   752 | D:1      | 752 ||| Stepping ~*~*~tactically~*~*~ (stealth).
   759 | D:1      | 759 ||| Stepping ~*~*~tactically~*~*~ (stealth).
   760 | D:1      | 760 ||| Stepping ~*~*~tactically~*~*~ (stealth).
   762 | D:1      | 762 ||| Stepping ~*~*~tactically~*~*~ (stealth).
   898 | D:1      | 898 ||| UPGRADING to +0 ring mail.
   908 | D:1      | 908 ||| DROPPING +0 robe.
   909 | D:1      | 909 ||| UPGRADING to ring of positive energy.
   910 | D:1      | 910 ||| READING scroll labelled VEOPSU ZOOP.
   911 | D:1      | 911 ||| READING scroll labelled FYMOGIR CEUTI.
   912 | D:1      | 912 ||| READING 2 scrolls labelled USUW YJESOCA.
   913 | D:1      | 913 ||| DRINKING 2 bubbling grey potions.
   913 | D:1      | Gained mutation: You expend magic power (3 MP) to
                  | strengthen your wands. [potion of mutation]
   913 | D:1      | Gained mutation: You occasionally lose the ability to read
                  | scrolls when taking damage. [potion of mutation]
   913 | D:1      | Gained mutation: You are somewhat resistant to further
                  | mutation. [potion of mutation]
   914 | D:1      | 914 ||| DRINKING potion of mutation.
   914 | D:1      | Lost mutation: You occasionally lose the ability to read
                  | scrolls when taking damage. [potion of mutation]
   914 | D:1      | Lost mutation: You expend magic power (3 MP) to strengthen
                  | your wands. [potion of mutation]
   914 | D:1      | Lost mutation: You are somewhat resistant to further
                  | mutation. [potion of mutation]
   914 | D:1      | Gained mutation: You possess an exceptional clarity of
                  | mind. [potion of mutation]
  1058 | D:2      | 1058 ||| Stepping ~*~*~tactically~*~*~ (stealth).
  1208 | D:2      | 1208 ||| READING scroll labelled KANKUL LACK.
  1211 | D:2      | 1211 ||| FLEEEEING.
  1212 | D:2      | 1212 ||| FLEEEEING.
  1213 | D:2      | 1213 ||| FLEEEEING.
  1215 | D:2      | 1215 ||| FLEEEEING.
  1216 | D:2      | 1216 ||| FLEEEEING.
  1224 | D:2      | 1224 ||| FLEEEEING.
  1241 | D:2      | Reached skill level 1 in Armour
  1433 | D:2      | 1433 ||| UPGRADING to ring of protection from cold.
  1434 | D:2      | 1434 ||| READING scroll labelled WOUN COUNNIQA.
  1436 | D:2      | 1436 ||| Stepping randomly (stuck).
  1437 | D:2      | 1437 ||| Stepping randomly (stuck).
  1669 | D:2      | 1669 ||| Stepping ~*~*~tactically~*~*~ (stealth).
  1755 | D:2      | Reached XP level 4. HP: 33/35 MP: 5/5
  1795 | D:2      | 1795 ||| Stepping ~*~*~tactically~*~*~ (stealth).
  1808 | D:2      | 1808 ||| FLEEEEING.
  2037 | D:2      | 2037 ||| UPGRADING to +0 chain mail.
  2047 | D:2      | 2047 ||| DROPPING +0 ring mail.
  2048 | D:2      | 2048 ||| READING scroll labelled XABAUJ LOERRO.
  2049 | D:2      | 2049 ||| DRINKING 2 silvery potions.
  2140 | D:3      | 2140 ||| FLEEEEING.
  2142 | D:3      | 2142 ||| FLEEEEING.
  2143 | D:3      | 2143 ||| FLEEEEING.
  2144 | D:3      | 2144 ||| FLEEEEING.
  2145 | D:3      | 2145 ||| FLEEEEING.
  2146 | D:3      | 2146 ||| FLEEEEING.
  2147 | D:3      | 2147 ||| FLEEEEING.
  2148 | D:3      | 2148 ||| FLEEEEING.
  2149 | D:3      | 2149 ||| FLEEEEING.
  2150 | D:3      | 2150 ||| FLEEEEING.
  2151 | D:3      | 2151 ||| FLEEEEING.
  2152 | D:3      | 2152 ||| FLEEEEING.
  2153 | D:3      | 2153 ||| STAIRDANCE
  2273 | D:2      | 2273 ||| READING scroll labelled CEZIBU NOEH.
  2402 | D:3      | 2402 ||| Stepping ~*~*~tactically~*~*~ (stealth).
  2633 | D:3      | Found a runed translucent door.
  2634 | D:3      | Noticed Crazy Yiuf
  2813 | D:3      | 2813 ||| READING scroll labelled DUSONU ZUQU.
  2814 | D:3      | 2814 ||| READING scroll labelled SYTATA KYUDGH.
  2815 | D:3      | 2815 ||| READING 2 scrolls of identify.
  2815 | D:3      | 2815 ||| IDENTIFYING puce potion
  2965 | D:4      | Found a staircase to the Ecumenical Temple.
  2986 | D:4      | Reached skill level 5 in Axes
  2986 | D:4      | Reached XP level 5. HP: 30/41 MP: 6/6
  3106 | D:4      | 3106 ||| Stepping ~*~*~tactically~*~*~ (stealth).
  3109 | D:4      | 3109 ||| Stepping ~*~*~tactically~*~*~ (stealth).
  3112 | D:4      | 3112 ||| Stepping ~*~*~tactically~*~*~ (stealth).
  3114 | D:4      | 3114 ||| Stepping ~*~*~tactically~*~*~ (stealth).
  3115 | D:4      | Noticed a black bear
  3116 | D:4      | 3116 ||| Stepping ~*~*~tactically~*~*~ (stealth).
  3117 | D:4      | 3117 ||| Stepping ~*~*~tactically~*~*~ (stealth).
  3118 | D:4      | 3118 ||| Stepping ~*~*~tactically~*~*~ (stealth).
  3119 | D:4      | 3119 ||| Stepping ~*~*~tactically~*~*~ (stealth).
  3120 | D:4      | 3120 ||| Stepping ~*~*~tactically~*~*~ (stealth).
  3130 | D:4      | 3130 ||| INVOKING Fiery Armour.
  3132 | D:4      | Killed a black bear
  3133 | D:4      | Reached skill level 3 in Armour
  3133 | D:4      | Reached XP level 6. HP: 16/47 MP: 7/7
  3590 | D:4      | 3590 ||| Stepping ~*~*~tactically~*~*~ (hiding).
  3886 | D:4      | 3886 ||| UPGRADING to +0 pair of boots.
  3891 | D:4      | 3891 ||| READING scroll labelled FUSUER NANYITA.
  3892 | D:4      | 3892 ||| DRINKING 2 fizzy clear potions.
  3893 | D:4      | 3893 ||| READING 3 scrolls of identify.
  3893 | D:4      | 3893 ||| IDENTIFYING fizzy blue potion
  3894 | D:4      | 3894 ||| READING 2 scrolls of identify.
  3894 | D:4      | 3894 ||| IDENTIFYING red potion
  3895 | D:4      | 3895 ||| DROPPING potion of ambrosia.
  3896 | D:4      | 3896 ||| Stepping randomly (stuck).
  3897 | D:4      | 3897 ||| Stepping ~*~*~tactically~*~*~ (cloud).
  4096 | D:5      | Entered Level 5 of the Dungeon
  4111 | D:5      | Noticed a black bear
  4121 | D:5      | 4121 ||| INVOKING Fiery Armour.
  4121 | D:5      | Killed a black bear
  4122 | D:5      | Reached skill level 6 in Axes
  4148 | D:5      | Noticed a black bear
  4149 | D:5      | 4149 ||| Stepping ~*~*~tactically~*~*~ (stealth).
  4151 | D:5      | 4151 ||| Stepping ~*~*~tactically~*~*~ (stealth).
  4156 | D:5      | 4156 ||| FLEEEEING.
  4158 | D:5      | 4158 ||| FLEEEEING.
  4159 | D:5      | 4159 ||| FLEEEEING.
  4160 | D:5      | 4160 ||| FLEEEEING.
  4161 | D:5      | 4161 ||| FLEEEEING.
  4162 | D:5      | 4162 ||| FLEEEEING.
  4163 | D:5      | 4163 ||| FLEEEEING.
  4164 | D:5      | 4164 ||| FLEEEEING.
  4165 | D:5      | 4165 ||| STAIRDANCE
  4311 | D:4      | 4311 ||| READING 2 scrolls of identify.
  4311 | D:4      | 4311 ||| IDENTIFYING lumpy white potion
  4319 | D:5      | Killed a black bear
  4320 | D:5      | Reached XP level 7. HP: 47/54 MP: 8/8
  4320 | D:5      | 4320 ||| STAIRDANCE
  4701 | D:5      | Found a stormy altar of Qazlal.
  4701 | D:5      | Found a blossoming altar of Fedhas.
  4702 | D:5      | Found a glowing golden altar of the Shining One.
  4704 | D:5      | 4704 ||| Stepping ~*~*~tactically~*~*~ (hiding).
  4743 | D:5      | 4743 ||| Stepping ~*~*~tactically~*~*~ (stealth).
  4760 | D:5      | 4760 ||| Stepping ~*~*~tactically~*~*~ (stealth).
  4784 | D:5      | Reached skill level 7 in Axes
  4859 | D:5      | Found a runed translucent door.
  4860 | D:5      | Noticed qw's ghost (novice TeWr)
  4925 | D:5      | Reached skill level 1 in Dodging
  4935 | D:5      | Noticed Sigmund
  4936 | D:5      | 4936 ||| FLEEEEING.
  4937 | D:5      | 4937 ||| FLEEEEING.
  4938 | D:5      | 4938 ||| FLEEEEING.
  4943 | D:5      | 4943 ||| FLEEEEING.
  4944 | D:5      | 4944 ||| FLEEEEING.
  4951 | D:5      | 4951 ||| Stepping ~*~*~tactically~*~*~ (hiding).
  4952 | D:5      | 4952 ||| Stepping ~*~*~tactically~*~*~ (hiding).
  4964 | D:5      | 4964 ||| INVOKING Fiery Armour.
  4969 | D:5      | Killed Sigmund
  4970 | D:5      | Reached skill level 3 in Throwing
  4970 | D:5      | Reached XP level 8. HP: 24/60 MP: 9/9
  5184 | D:5      | Found a broken altar of Ashenzari.
  5473 | D:5      | 5473 ||| UPGRADING to amulet of the acrobat.
  5478 | D:5      | 5478 ||| DROPPING ring of flight.
  5479 | D:5      | 5479 ||| READING scroll labelled WOIC ZAIF ENI.
  5479 | D:5      | Identified a scroll of acquirement
  5479 | D:5      | 5479 ||| ACQUIRING ring "Pepun" {rF+ Will+}
  5479 | D:5      | Acquired the ring "Pepun" {rF+ Will+}
  5481 | D:5      | 5481 ||| UPGRADING to ring "Pepun" {rF+ Will+}.
  5499 | D:6      | 5499 ||| STAIRDANCE
  5504 | D:5      | 5504 ||| INVOKING Fiery Armour.
  5730 | D:6      | 5730 ||| STAIRDANCE
  5732 | D:5      | 5732 ||| INVOKING Fiery Armour.
  5732 | D:5      | HP: 15/60 [poisoned by a killer bee]
  5732 | D:5      | HP: 4/60 [killer bee (4)]
  5732 | D:5      | HP: 1/60 [killer bee (3)]
  5733 | D:5      | 5733 ||| DRINKING potion of heal wounds.
  5736 | D:5      | Reached skill level 8 in Axes
  5737 | D:5      | HP: 5/60 [poisoned by a killer bee]
  5738 | D:5      | HP: 2/60 [poisoned by a killer bee]
  5739 | D:5      | 5739 ||| DRINKING potion of curing.
  5739 | D:5      | 5739 ||| (to cure poison)
  5996 | D:6      | 5996 ||| STAIRDANCE
  6201 | D:6      | 6201 ||| Stepping ~*~*~tactically~*~*~ (hiding).
  6209 | D:6      | 6209 ||| INVOKING Fiery Armour.
  6210 | D:6      | HP: 14/62 [gnoll/+0 spear[a gnoll sergeant] (3)]
  6211 | D:6      | HP: 5/62 [gnoll/+0 spear[a gnoll sergeant] (2)]
  6212 | D:6      | Succumbed to a gnoll sergeant's poison

Levels and vault maps discovered:
D:1:      wheals_arrival_shading, layout_basic,
          shapermc_ecumenical_altar_acropolis, minmay_lizard_pond
D:2:      kennysheep_six_static_rooms, layout_basic, serial_co_window_serial,
          co_window_of_opportunity_a, co_window_of_opportunity_a,
          co_window_paths_b, co_window_paths_a, co_window_paths_a,
          co_window_corner_b, co_window_cross_3, co_window_of_opportunity_c,
          co_window_broadway_c, glass_columns_b, glass_columns_a,
          glass_columns_c, glass_columns_a, grunt_ministairs_4
D:3:      layout_rooms, uniq_crazy_yiuf_cottage
D:4:      layout_basic, minmay_temple_entry_stoned_glass,
          chequers_serial_rivers_large_a
D:5:      layout_loops_cross, gammafunk_temple_overflow_claw,
          lemuel_doored_altar, gammafunk_ghost_grave, uniq_sigmund
D:6:      layout_loops_ring, chequers_serial_rivers_room_b

Skill      XL: |  1  2  3  4  5  6  7  8 |
---------------+-------------------------+-----
Axes           | 4 5 6 7 8 |  8.0
Armour         | 1 3 |  3.5
Fighting       | 4 5 |  5.0
Dodging        | 1 |  1.0
Throwing       | 3 |  3.0
Spellcasting   | |  1.1
Fire Magic     | |  3.0

Action                   |  1- 3 |  4- 6 |  7- 9 || total
-------------------------+-------+-------+-------++-------
Melee: Hand axe          |    99 |   105 |    85 ||   289
       Punch             |       |     3 |       ||     3
Throw: Boomerang         |       |    29 |    11 ||    40
Invok: Fiery Armour      |       |     2 |     4 ||     6
  Use: Scroll            |     5 |     9 |     1 ||    15
       Potion            |     2 |     2 |     2 ||     6
Armor: Robe              |     9 |       |       ||     9
       Ring mail         |    17 |     3 |       ||    20
       Chain mail        |       |    64 |    42 ||   106
Dodge: Dodged            |    48 |    54 |    49 ||   151

Table legend:
 A = Non-vault XP
 B = Vault XP
 C = Vault XP percentage of total XP
 D = Non-vault monster count
 E = Vault monster count
 F = Vault count percentage of total count
                 A         B        C        D         E       F
            +---------+---------+-------+---------+---------+-------
      Total |    1356 |     252 |  15.7 |      88 |      15 |  14.6
            +---------+---------+-------+---------+---------+-------
        D:1 |      34 |       6 |  15.0 |      19 |       6 |  24.0
        D:2 |      29 |      15 |  34.1 |      16 |       8 |  33.3
        D:3 |      38 |       0 |   0.0 |      16 |       0 |   0.0
        D:4 |     250 |       0 |   0.0 |      14 |       0 |   0.0
        D:5 |     916 |     231 |  20.1 |      20 |       1 |   4.8
        D:6 |      89 |       0 |   0.0 |       3 |       0 |   0.0
            +---------+---------+-------+---------+---------+-------
